 Dungeon Crawl Stone Soup version 0.19-a0-594-g235f30c (webtiles) character file.

1141 HarleyM the Destroyer (level 8, -6/41 HPs)
             Began as a Deep Elf Conjurer on June 11, 2016.
             Was a Follower of Vehumet.
             Mangled by an orc warrior
             ... wielding a +0 trident
              (17 damage)
             ... on level 5 of the Dungeon.
             The game lasted 00:30:21 (5251 turns).

HarleyM the Destroyer (Deep Elf Conjurer)           Turns: 5251, Time: 00:30:21

Health: -6/41      AC:  3    Str:  7    XL:     8   Next: 14%
Magic:  17/23      EV: 13    Int: 21    God:    Vehumet [*.....]
Gold:   232        SH:  4    Dex: 21    Spells: 3 memorised, 6 levels left

rFire  + . .     SeeInvis .     q - +4 club
rCold  . . .     Gourm    .     r - +0 robe {rF+}
rNeg   . . .     Faith    .     p - +0 buckler
rPois  .         Spirit   .     (no helmet)
rElec  .         Dismiss  .     t - +0 cloak
rCorr  .         Reflect  .     (no gloves)
SustAt .         Harm     .     (no boots)
MR     .....                    (no amulet)
Stlth  ++........               G - +6 ring of dexterity
                                x - ring of magical power (curse)

@: not resistant to hostile enchantments, unstealthy
A: no striking features
a: Renounce Religion


You were on level 5 of the Dungeon.
You worshipped Vehumet.
Vehumet was aware of your devotion.
You were not hungry.

You visited 2 branches of the dungeon, and saw 7 of its levels.

You collected 232 gold pieces.

Inventory:

Hand Weapons
 q - a +4 club (weapon)
Armour
 p - a +0 buckler (worn)
 r - a +0 robe of fire resistance (worn)
 t - a +0 cloak (worn)
Jewellery
 x - a cursed ring of magical power (left hand)
 G - a +6 ring of dexterity (right hand)
Wands
 j - a wand of acid (4/15)
 y - a wand of lightning (2/15)
 F - a wand of lightning (5/15)
Scrolls
 g - a scroll of teleportation {unknown}
 m - 4 scrolls of remove curse
 n - 4 scrolls of amnesia
 o - a scroll of fear
 s - a scroll of immolation
 u - a scroll of enchant armour {unknown}
 v - 2 scrolls of fog
 B - a scroll of noise {unknown}
Potions
 f - a potion of brilliance
 k - 3 potions of curing
 z - a potion of cure mutation
 A - a potion of ambrosia
 E - a potion of invisibility {unknown}
Books
 b - a book of Conjurations

   Spells                             Type                      Level
   a - Magic Dart                     Conjuration                  1
   b - Searing Ray                    Conjuration                  2
   c - Dazzling Spray                 Conjuration/Hexes            3
   d - Fulminant Prism                Conjuration/Hexes            4
   e - Iskenderun's Mystic Blast      Conjuration                  4
   f - Iskenderun's Battlesphere      Conjuration/Charms           5
Comestibles
 a - 2 chunks of flesh
 c - 2 bread rations
 d - 2 meat rations
 h - 3 beef jerkies
 l - a slice of pizza
 w - 2 fruits


   Skills:
 - Level 2.5 Dodging
 - Level 2.4 Stealth
 - Level 3.1 Spellcasting
 + Level 9.0 Conjurations
 * Level 9.0 Charms


You had 6 spell levels left.
You knew the following spells:

 Your Spells              Type           Power        Failure   Level  Hunger
a - Magic Dart            Conj           ####         1%          1    None
b - Iskenderun's Battles  Conj/Chrm      #####...     17%         5    ######.
c - Freeze                Ice            #...         24%         1    None


Dungeon Overview and Level Annotations

Branches:
Dungeon (6/15)             Temple (1/1) D:4

Altars:
Dithmenos
Fedhas
Gozag
Makhleb
Okawaru
Pakellas
Trog
Uskayaw
Vehumet
The Shining One


Message History

There is an open door, spattered with blood here.
There isn't anything here!
You close the door.
An orc warrior opens the door.
There is an open door here.
You close the door.
An orc warrior opens the door.
There is an open door here.
Casting: Magic Dart
Confirm with . or Enter, or press ? or * to list all spells.
You conjure a globe of magical energy.
You block the orc warrior's attack.
Casting: Iskenderun's Battlesphere
Confirm with . or Enter, or press ? or * to list all spells.
Aiming: Magic Dart
Press: ? - help, Shift-Dir - straight line, f - orc warrior
Aim: an orc warrior, wielding a trident and wearing a chain mail The magic dart hits the orc warrior.
Your battlesphere fires!
The barrage of energy hits the orc warrior.
The orc warrior is moderately wounded.
The orc warrior hits you from afar with a trident!
You die...

#........).(.#.................#
#..##....##..##................#
#..####+###..##................#
#........#...##..##########..###
#........#...######..##.###..###
#........#...................<..
#........#......................
#..##....##..##.###)###'####'##.
#..##....###'##@###.###..##>.##.
#...+....+...*...#........'.....
#...#....#.....o.#........#.....
#..##....#####'###..#########...
#..##....###...###..##...####...
#.........#.....'....#......#...
#......)..#.....#....#......#...
#((##..##.####+##.####.##..###'#
#..######.####.##.#######..###..


You could see an orc warrior and a friendly battlesphere.

Vanquished Creatures
  Menkaure (D:4)
  A phantom (D:4)
  2 ogres
  2 centaurs (D:5)
  A scorpion (D:5)
  A howler monkey (D:4)
  A crimson imp (D:4)
  A giant frog zombie (D:5)
  2 hounds
  An orc priest (D:3)
  2 orc wizards
  Jessica (D:2)
  An iguana (D:5)
  A worker ant (D:5)
  11 adders
  A gnoll (D:1)
  An ooze (D:2)
  An adder skeleton (D:5)
  A worm (D:3)
  3 dart slugs
  4 giant geckos
  14 orcs
  5 giant cockroaches
  9 goblins
  9 hobgoblins
  11 jackals
  9 kobolds
  3 quokkas
  5 bats
  2 giant newts
  10 rats
117 creatures vanquished.

Notes
Turn   | Place    | Note
--------------------------------------------------------------
     0 | D:1      | HarleyM the Deep Elf Conjurer began the quest for the Orb.
     0 | D:1      | Reached XP level 1. HP: 10/10 MP: 6/6
     8 | D:1      | Reached XP level 2. HP: 15/15 MP: 0/8
   279 | D:1      | Reached skill level 5 in Conjurations
   562 | D:1      | Reached XP level 3. HP: 19/19 MP: 4/9
  1153 | D:2      | You fall through a shaft!
  1220 | D:2      | Reached XP level 4. HP: 22/24 MP: 5/10
  1764 | D:2      | Noticed Jessica
  1771 | D:2      | Killed Jessica
  1789 | D:2      | Reached XP level 5. HP: 22/28 MP: 0/11
  1898 | D:2      | Found a burning altar of Makhleb.
  2497 | D:3      | Learned a level 5 spell: Iskenderun's Battlesphere
  2584 | D:3      | Reached skill level 1 in Charms
  2608 | D:3      | Reached XP level 6. HP: 23/32 MP: 2/12
  2902 | D:4      | Found a bloodstained altar of Trog.
  2905 | D:4      | Noticed Menkaure
  2914 | D:4      | Killed Menkaure
  3422 | D:4      | Reached skill level 5 in Charms
  3438 | D:4      | Found a staircase to the Ecumenical Temple.
  3448 | Temple   | Entered the Ecumenical Temple
  3463 | Temple   | Became a worshipper of Vehumet
  3649 | D:4      | Reached XP level 7. HP: 35/36 MP: 9/13
  4149 | D:4      | Found a glowing golden altar of the Shining One.
  4165 | D:5      | Entered Level 5 of the Dungeon
  4198 | D:5      | Noticed a dagger
  4198 | D:5      | Noticed a dagger
  4202 | D:5      | Found a hide-covered altar of Uskayaw.
  4273 | D:5      | Reached * piety under Vehumet
  4273 | D:5      | Offered knowledge of Freeze by Vehumet.
  4276 | D:5      | Learned a level 1 spell: Freeze
  4457 | D:5      | Reached XP level 8. HP: 41/41 MP: 14/14
  4497 | D:5      | Found a bloodstained altar of Trog.
  5251 | D:5      | Mangled by an orc warrior

Vault maps used:
D:1:      minmay_arrival_five_plusses, hangedman_decor_growths, minmay_cut_off
D:2:      makhleb_blood_cavern_becter, dk_noncrumbling_2, uniq_jessica
D:4:      kennysheep_little_box, minmay_temple_entry_poolview,
          trog_three_pillars_becter, uniq_menkaure
D:5:      lemuel_crystal_altar, dancing_weapons_uskayaw, first_bread
D:6:      minitemple
Temple:   circular_temple_6

Skill      XL: |  1  2  3  4  5  6  7  8 |
---------------+-------------------------+-----
Conjurations   | 5 6 7 8 9 |  9.0
Charms         | 2 5 8 9 |  9.0
Dodging        | |  2.5
Stealth        | |  2.4
Spellcasting   | |  3.1

Action                   |  1- 3 |  4- 6 |  7- 9 || total
-------------------------+-------+-------+-------++-------
Melee: Club              |     1 |     9 |       ||    10
 Cast: Magic Dart        |    61 |   155 |    78 ||   294
       Iskenderun's Batt |       |     1 |     9 ||    10
  Use: Potion            |     3 |       |       ||     3
       Scroll            |       |     1 |     7 ||     8
  Eat: Chunk             |     1 |     7 |     5 ||    13
       Bread ration      |       |       |     1 ||     1
Armor: Robe              |       |     3 |     4 ||     7
Dodge: Dodged            |    21 |    18 |    24 ||    63
Block: Buckler           |       |     4 |     6 ||    10
